[Event "Late-Titled-Tuesday-Blitz-January-30-2024"]
[Site "Chess.com"]
[Date "2024.01.30"]
[Round "6"]
[White "traviscottofficial"]
[Black "Flaccidmoves"]
[Result "1-0"]
[WhiteElo "2602"]
[BlackElo "2447"]
[TimeControl "180+1"]
[EndTime "15:05:43 PST"]
[Termination "traviscottofficial won by checkmate"]

1. d4 Nf6 2. c4 e6 3. Nc3 Bb4 4. a3 Bxc3+ 5. bxc3 c5 6. e3 O-O 7. Nf3 Nc6 8. a4 b6 9. Ba3 d6 10. Be2 Ba6 11. O-O Na5 12. Nd2 Rc8 13. Rc1 Qd7 14.
Re1 Rfd8 15. Bb2 e5 16. d5 Qe8 17. e4 Qd7 18. Bd3 g6 19. Ra1 Nh5 20. g3 Ng7 21.
f4 f6 22. Qf3 Rf8 23. h4 Rce8 24. f5 gxf5 25. exf5 Kh8 26. Kh2 Rg8 27. g4 Qe7 28.
Rg1 Rgf8 29. Qe4 Bc8 30. Raf1 Bd7 31. Bc1 Bxa4 32. g5 Bd7 33. Qg4 e4 34. Nxe4 fxg5 35. Bxg5 Qe5+ 36. Bf4 Qxf5 37. Qxg7# 1-0

[Event "Late-Titled-Tuesday-Blitz-January-30-2024"]
[Site "Chess.com"]
[Date "2024.01.30"]
[Round "6"]
[White "dennisodessa"]
[Black "Genghis_K"]
[Result "0-1"]
[WhiteElo "2602"]
[BlackElo "2832"]
[TimeControl "180+1"]
[EndTime "15:05:44 PST"]
[Termination "Genghis_K won by resignation"]

1. d4 Nf6 2. c4 g6 3. Nc3 Bg7 4. e4 d6 5. f3 O-O 6. Be3 c5 7.
dxc5 dxc5 8. Qxd8 Rxd8 9. Bxc5 Nc6 10. Nge2 Nd7 11. Be3 Nde5 12. Nf4 Nb4 13. Rc1 Bh6 14. Ncd5 Bxf4 15. Nxf4 g5 16. Nd5 Nbd3+ 17. Bxd3 Nxd3+ 18. Ke2 Nxc1+ 19. Rxc1 Be6 20. Nxe7+ Kg7 21. Bxg5 f6 22.
Be3 Kf7 23. Nd5 Rac8 24. b3 a6 25. Kd3 b5 26. Bd4 Bxd5 27. exd5 Rxd5 28. Rd1 Rxd4+ 0-1

[Event "Late-Titled-Tuesday-Blitz-January-30-2024"]
[Site "Chess.com"]
[Date "2024.01.30"]
[Round "6"]
[White "Smile2005"]
[Black "TheMagician"]
[Result "0-1"]
[WhiteElo "2424"]
[BlackElo "2218"]
[TimeControl "180+1"]
[EndTime "15:05:46 PST"]
[Termination "TheMagician won by checkmate"]

1. e4 e5 2. Nf3 Nc6 3. Nc3 Nf6 4. Bb5 Bd6 5. d3 h6 6. a3 O-O 7. Bxc6 dxc6 8. Rg1 Nh7 9. g4 Ng5 10. h4 Nxf3+ 11.
Qxf3 Qxh4 12. Be3 Be7 13. O-O-O Qf6 14. Qg3 Qe6 15. g5 h5 16. g6 fxg6 17. Qxg6 Qxg6 18. Rxg6 Bg4 19. f3 Rxf3 20. Bh6 Rf7 21. Bg5 Kh7 22.
Bxe7 Kxg6 23. Bh4 Bxd1 24. Nxd1 Rf1 25. Kd2 Rxd1+ 26. Kxd1 Kh6 27. Bg3 Re8 28. Ke2 g5 29. Kf3 h4 30. Bh2 Kh5 31. Kg2 g4 32. Bg1 g3 33.
Kh3 Rf8 34. Be3 Rf3 35. Bxa7 b6 36. Bb8 Rf2 37. Bxc7 Rh2# 0-1

[Event "Late-Titled-Tuesday-Blitz-January-30-2024"]
[Site "Chess.com"]
[Date "2024.01.30"]
[Round "6"]
[White "Chemim21"]
[Black "NovakRatko"]
[Result "0-1"]
[WhiteElo "2232"]
[BlackElo "2396"]
[TimeControl "180+1"]
[EndTime "15:05:46 PST"]
[Termination "NovakRatko won on time"]

1. e4 d5 2. exd5 c6 3. dxc6 Nxc6 4. c3 e5 5. Bb5 Bc5 6. Bxc6+ bxc6 7. Nf3 f6 8. d4 exd4 9. cxd4 Bb6 10. h3 Ba6 11.
Nc3 Ne7 12. Qa4 Qc8 13. d5 O-O 14. dxc6 Nxc6 15. Be3 Re8 16. O-O-O Bxe3+ 17. fxe3 Rxe3 18. Rhe1 Rxe1 19. Rxe1 Rb8 20. Kb1 Bd3+ 21. Ka1 Nb4 22. Rc1 Qf5 23. Qxa7 Rc8 24. Qe3 Nc2+ 25. Rxc2 Bxc2 26.
a3 Bb3 0-1

[Event "Late-Titled-Tuesday-Blitz-January-30-2024"]
[Site "Chess.com"]
[Date "2024.01.30"]
[Round "6"]
[White "Firouzja2003"]
[Black "TigrVShlyape"]
[Result "0-1"]
[WhiteElo "3136"]
[BlackElo "2962"]
[TimeControl "180+1"]
[EndTime "15:05:49 PST"]
[Termination "TigrVShlyape won by resignation"]

1. Nf3 d5 2. g3 Nf6 3. Bg2 c6 4. O-O Bf5 5. c4 e6 6. d3 dxc4 7. dxc4 Qxd1 8. Rxd1 h6 9. Nd4 Bh7 10.
Nd2 Nbd7 11. N2b3 a5 12. Bd2 Bb4 13. Bxb4 axb4 14. f3 e5 15. e4 exd4 16. Rxd4 c5 17. Rd2 O-O-O 18. Rad1 Kc7 19. Kf2 b6 20. Ke3 Ne5 21.
Bf1 Rxd2 22. Nxd2 g5 23. Be2 Rd8 24. Ra1 Nc6 25. a3 Nd4 26. Bd3 Ra8 27. a4 Nd7 28.
b3 f5 29. Rf1 Ne5 0-1

[Event "Late-Titled-Tuesday-Blitz-January-30-2024"]
[Site "Chess.com"]
[Date "2024.01.30"]
[Round "6"]
[White "vidavi"]
[Black "sotochess"]
[Result "0-1"]
[WhiteElo "2437"]
[BlackElo "2562"]
[TimeControl "180+1"]
[EndTime "15:05:51 PST"]
[Termination "sotochess won by resignation"]

1. e4 d5 2. exd5 Qxd5 3. Nc3 Qa5 4. Nf3 c6 5. d4 Nf6 6. Bc4 Bg4 7. Bd2 Nbd7 8. O-O Qb6 9. a4 Bxf3 10. Qxf3 Qxd4 11.
Bd3 Ne5 12. Qg3 Nxd3 13. cxd3 e6 14. a5 O-O-O 15. Be3 Qg4 16. Bxa7 Qxg3 17. hxg3 Rxd3 18. Rfd1 Rxd1+ 19. Rxd1 Bb4 20. Bb6 Nd7 21. Na4 h5 22. Kf1 h4 23. gxh4 Rxh4 24. Ke2 Re4+ 25. Kf3 f5 26. b3 Be7 27. Kg3 Rb4 28. Rd3 Ne5 29. Rc3 Bd6 30. f4 Ng6 31. Rd3 Bxf4+ 32. Kf3 Ne5+ 0-1

[Event "Late-Titled-Tuesday-Blitz-January-30-2024"]
[Site "Chess.com"]
[Date "2024.01.30"]
[Round "6"]
[White "GMWSO"]
[Black "platy3"]
[Result "1-0"]
[WhiteElo "3093"]
[BlackElo "2861"]
[TimeControl "180+1"]
[EndTime "15:05:52 PST"]
[Termination "GMWSO won by resignation"]

1. d4 Nf6 2. Nc3 d5 3. Bf4 c5 4. e3 cxd4 5. exd4 a6 6. Nf3 Bg4 7. h3 Bxf3 8. Qxf3 Nc6 9. O-O-O e6 10. g4 Bd6 11. Be3 Rc8 12. Kb1 Na5 13. g5 Nd7 14. Bc1 Qb6 15. h4 Nc4 16. Bxc4 Rxc4 17. h5 Rxd4 18. g6 O-O 19. Rdg1 Rb4 20. Qh3 Nf6 21.
h6 fxg6 22. Qxe6+ Kh8 23. hxg7+ Kxg7 24. Rxg6+ Kxg6 25. Rg1+ 1-0

[Event "Late-Titled-Tuesday-Blitz-January-30-2024"]
[Site "Chess.com"]
[Date "2024.01.30"]
[Round "6"]
[White "karinachess1"]
[Black "Beca95"]
[Result "0-1"]
[WhiteElo "2617"]
[BlackElo "2963"]
[TimeControl "180+1"]
[EndTime "15:05:52 PST"]
[Termination "Beca95 won by checkmate"]

1. d4 Nf6 2. c4 e6 3. Nc3 c5 4.
d5 exd5 5. cxd5 d6 6. Nf3 g6 7. e4 a6 8. a4 Bg4 9. Be2 Bxf3 10. Bxf3 Bg7 11. O-O O-O 12. h3 Nbd7 13. Bf4 Ne8 14. Be2 Rb8 15. a5 Qe7 16. Re1 Nc7 17. Bf1 b5 18.
axb6 Rxb6 19. Ra2 Rfb8 20. Qa1 Bd4 21. Be3 Qf6 22. Nd1 Ne5 23. Bxa6 Nxa6 24. Rxa6 Rxa6 25.
Qxa6 g5 26. Qa7 Rb3 27. Qa4 Rd3 28. Qc2 h5 29. Bxd4 cxd4 30. b4 g4 31. hxg4 hxg4 32.
b5 Qg5 33. Kf1 Qh6 34. b6 Rd2 35. Qc8+ Kg7 36. Kg1 g3 37. Qf5 Qh2+ 38. Kf1 Qh1# 0-1

[Event "Late-Titled-Tuesday-Blitz-January-30-2024"]
[Site "Chess.com"]
[Date "2024.01.30"]
[Round "6"]
[White "RantomOpening"]
[Black "stasOR4ik"]
[Result "1-0"]
[WhiteElo "2537"]
[BlackElo "2414"]
[TimeControl "180+1"]
[EndTime "15:05:52 PST"]
[Termination "RantomOpening won by resignation"]

1. e4 c6 2. d4 d5 3. Nc3 dxe4 4. Nxe4 Nf6 5. Nxf6+ exf6 6. Bd3 Bd6 7. Qh5 Nd7 8.
Ne2 Nf8 9. O-O Ng6 10. Re1 O-O 11. c3 Bc7 12. Bd2 Qd6 13. Ng3 Qd5 14. Nf5 Bxf5 15. Qxf5 Qxf5 16. Bxf5 Rfe8 17. g3 Kf8 18. h4 h6 19. h5 Ne7 20. Bd7 Red8 21. Bh3 Nd5 22. Bg2 Re8 23. b3 Ba5 24. Bxd5 cxd5 25. Kf1 Rac8 26. Rac1 Rxe1+ 27. Kxe1 Ke7 28. Ke2 Kd7 29. Kd3 f5 30. c4 Bxd2 31. Kxd2 Kd6 32. c5+ Kd7 33.
Re1 f6 34. b4 a5 35. b5 b6 36. Rc1 Rb8 37. a4 Ke7 38. Re1+ Kd7 39. Kd3 Rc8 40.
Rc1 Ke6 41. Ke3 Kd7 42. Kd3 Ke6 43. cxb6 Rb8 44. Rc6+ Kd7 45. Ke3 Re8+ 46. Kf4 Re4+ 47. Kxf5 Rxd4 48. b7 1-0

[Event "Late-Titled-Tuesday-Blitz-January-30-2024"]
[Site "Chess.com"]
[Date "2024.01.30"]
[Round "6"]
[White "Talcrifice"]
[Black "TanitoluwaAps116"]
[Result "0-1"]
[WhiteElo "2544"]
[BlackElo "2716"]
[TimeControl "180+1"]
[EndTime "15:05:57 PST"]
[Termination "TanitoluwaAps116 won by checkmate"]

1. d4 Nf6 2. c4 e6 3. g3 d5 4. Bg2 Bb4+ 5. Nd2 O-O 6. Nf3 b6 7. O-O Bb7 8. a3 Be7 9. b4 a5 10. b5 c6 11. bxc6 Nxc6 12. Rb1 Rb8 13. Bb2 Ba6 14. cxd5 exd5 15. Re1 Re8 16. Ne5 Rc8 17. Ndf3 Ne4 18. Rc1 Nxe5 19. Nxe5 Bd6 20. Rxc8 Qxc8 21. Qb3 Bxe5 22. dxe5 Qc5 23. Bxe4 dxe4 24. e3 Bc4 25. Qc2 Qd5 26. Bd4 b5 27. Qc3 Ra8 28. Rb1 h5 29. h3 Qe6 30. Kg2 Qf5 31. Qd2 Qf3+ 32. Kh2 Be2 33. Qe1 b4 34. axb4 axb4 35. Rb2 Ra1 36. Qxe2 Qh1# 0-1

[Event "Late-Titled-Tuesday-Blitz-January-30-2024"]
[Site "Chess.com"]
[Date "2024.01.30"]
[Round "6"]
[White "Defend1r"]
[Black "KorolDimitriy75"]
[Result "1-0"]
[WhiteElo "2531"]
[BlackElo "2366"]
[TimeControl "180+1"]
[EndTime "15:05:59 PST"]
[Termination "Defend1r won on time"]

1. g4 c5 2. h3 Nc6 3. Bg2 g6 4. d3 Bg7 5. f4 d6 6. e4 e6 7. Ne2 Nge7 8. O-O f5 9. c3 O-O 10. Be3 Rb8 11. Nd2 b5 12. Nf3 b4 13.
Qd2 bxc3 14. bxc3 Qa5 15. Rfb1 Bd7 16. Kh2 h6 17. gxf5 gxf5 18. e5 dxe5 19. fxe5 Kh7 20. d4 cxd4 21. cxd4 Qxd2 22. Bxd2 Nd5 23. Nf4 Nce7 24.
Nxd5 Nxd5 25. Ne1 Bc6 26. Nd3 Ne7 27. Nf4 Bd7 28. Bb4 Rfe8 29. Bxe7 Rxb1 30. Rxb1 Rxe7 31. Rb7 Rf7 32. Rxa7 Kg8 33. a4 Be8 34. Rxf7 1-0

[Event "Late-Titled-Tuesday-Blitz-January-30-2024"]
[Site "Chess.com"]
[Date "2024.01.30"]
[Round "6"]
[White "zverr1"]
[Black "ACollins05"]
[Result "0-1"]
[WhiteElo "2571"]
[BlackElo "2460"]
[TimeControl "180+1"]
[EndTime "15:06:04 PST"]
[Termination "ACollins05 won on time"]

1. e4 c5 2. Nf3 d6 3. Nc3 Nf6 4. e5 dxe5 5. Nxe5 Bd7 6. d4 cxd4 7. Qxd4 Nc6 8. Bc4 e6 9. Qe3 Bd6 10. Nxd7 Qxd7 11. Bd2 O-O 12. Nb5 Bb4 13. O-O-O Qe7 14. a3 Bxd2+ 15. Rxd2 a6 16. Nd4 Rac8 17. Nxc6 Rxc6 18.
Bb3 Qc5 19. Qxc5 Rxc5 20. f3 h5 21. g3 g6 22. Rhd1 Kg7 23. a4 Rfc8 24. Rd8 Rxd8 25.
Rxd8 h4 26. gxh4 Rh5 27. Rb8 b5 28. axb5 axb5 29. Rb7 Kg8 30. c3 Re5 31. Kd2 Nh5 32. Bc2 Nf4 33. b3 Re2+ 34. Kd1 Rxh2 35. Rxb5 Nd5 36.
Rb8+ Kg7 37. Kc1 Nxc3 38. b4 Ne2+ 0-1

[Event "Late-Titled-Tuesday-Blitz-January-30-2024"]
[Site "Chess.com"]
[Date "2024.01.30"]
[Round "6"]
[White "ccccvhhhj"]
[Black "only_strong_moves"]
[Result "0-1"]
[WhiteElo "2416"]
[BlackElo "2540"]
[TimeControl "180+1"]
[EndTime "15:06:05 PST"]
[Termination "only_strong_moves won on time"]

1. d4 Nf6 2. Bg5 d5 3. Bxf6 gxf6 4. Nc3 c5 5. e3 Nc6 6. dxc5 e6 7. Nge2 Bxc5 8.
Nf4 d4 9. Ne4 Be7 10. exd4 f5 11. Nc3 Nxd4 12. Bd3 Qc7 13. Nfe2 Nc6 14. O-O a6 15. a3 b6 16. b4 Bb7 17. b5 Ne5 18.
bxa6 Bc6 19. Bb5 Rg8 20. Bxc6+ Qxc6 21. f3 Nxf3+ 22. Kh1 Ne5 23. a4 Ng4 24. Nf4 Qxc3 25. Rf3 Qc6 26. a5 b5 27. Nd3 Rxa6 28. Qe2 Qe4 29.
Qd2 Ne5 30. Re3 Nc4 0-1

[Event "Late-Titled-Tuesday-Blitz-January-30-2024"]
[Site "Chess.com"]
[Date "2024.01.30"]
[Round "6"]
[White "ContrVersia"]
[Black "Polish_fighter3000"]
[Result "0-1"]
[WhiteElo "2841"]
[BlackElo "3040"]
[TimeControl "180+1"]
[EndTime "15:06:06 PST"]
[Termination "Polish_fighter3000 won by resignation"]

1. Nf3 b5 2. e4 Bb7 3. Bxb5 Bxe4 4. O-O e6 5. Re1 Bb7 6. d4 Nf6 7. c4 Be7 8. Nc3 O-O 9. d5 c6 10. dxc6 dxc6 11. Ba4 Nbd7 12. Bf4 Qb6 13. Qe2 Rfd8 14. a3 c5 15. Rab1 Rac8 16. h3 h6 17. Be3 Qa5 18.
Bc2 Bf8 19. Bd2 Qc7 20. Bd3 Bxf3 21. gxf3 Nh5 22. Bc2 Ndf6 23. Be3 Nf4 24. Qf1 a6 25. Rbd1 g6 26. Rxd8 Rxd8 27. Rd1 Rb8 28. b3 Qe5 29. Ne2 N6h5 30. Nxf4 Nxf4 31. Rd7 Bd6 32. Qd1 Nxh3+ 33. Kf1 Bf8 34. Qd2 Qh2 35. Ra7 Qh1+ 36. Ke2 Ng1+ 0-1

[Event "Late-Titled-Tuesday-Blitz-January-30-2024"]
[Site "Chess.com"]
[Date "2024.01.30"]
[Round "6"]
[White "Sanan_Sjugirov"]
[Black "TheCavemanChess"]
[Result "1-0"]
[WhiteElo "2980"]
[BlackElo "2684"]
[TimeControl "180+1"]
[EndTime "15:06:08 PST"]
[Termination "Sanan_Sjugirov won by resignation"]

1. e4 c5 2. Nf3 d6 3. d4 cxd4 4.
Nxd4 Nf6 5. Nc3 a6 6. Be3 Ng4 7. Bc1 Nf6 8. f3 e6 9. Be3 Be7 10. Qd2 Nbd7 11. O-O-O Qc7 12. g4 h6 13. h4 b5 14. Be2 b4 15. Na4 Nc5 16. b3 Nxa4 17.
bxa4 Nd7 18. Nb3 Qc6 19. a5 Bb7 20. g5 Rc8 21. gxh6 gxh6 22. Kb1 Ne5 23. Bd4 Rf8 24. Rc1 Nc4 25. Bxc4 Qxc4 26. Qxh6 e5 27. Bb2 d5 28. Qb6 Rc6 29. Qxb7 1-0

[Event "Late-Titled-Tuesday-Blitz-January-30-2024"]
[Site "Chess.com"]
[Date "2024.01.30"]
[Round "6"]
[White "lachesisQ"]
[Black "klimkoj"]
[Result "1/2-1/2"]
[WhiteElo "3108"]
[BlackElo "2930"]
[TimeControl "180+1"]
[EndTime "15:06:10 PST"]
[Termination "Game drawn by repetition"]

1. e4 c5 2. Nf3 d6 3. d4 cxd4 4.
Nxd4 Nf6 5. Nc3 a6 6. Be2 e5 7. Nf3 Be7 8. Bg5 Nbd7 9. O-O h6 10. Be3 Ng4 11. Bc1 Ngf6 12. Nd2 Nc5 13. b4 Ne6 14. a4 Nd4 15. Nc4 Be6 16. Ne3 Rc8 17.
Ncd5 Nxe4 18. Bb2 Nxe2+ 19. Qxe2 Nf6 20. Nxe7 Qxe7 21. f4 Qc7 22. fxe5 dxe5 23. c4 O-O 24. c5 a5 25. Rxf6 gxf6 26. Ng4 Qe7 27. Rf1 Bxg4 28. Qxg4+ Kh7 29. Qe4+ Kg7 30. Qg4+ Kh7 31. Qf5+ Kh8 32. Qh5 Kg7 33. Qg4+ Kh7 1/2-1/2

[Event "Late-Titled-Tuesday-Blitz-January-30-2024"]
[Site "Chess.com"]
[Date "2024.01.30"]
[Round "6"]
[White "INLOVEWITHF"]
[Black "EsmeraldasAnderson03"]
[Result "1-0"]
[WhiteElo "2595"]
[BlackElo "2423"]
[TimeControl "180+1"]
[EndTime "15:06:13 PST"]
[Termination "INLOVEWITHF won by checkmate"]

1. d4 d5 2. c4 dxc4 3. Nf3 a6 4.
e3 Nf6 5. Bxc4 e6 6. O-O c5 7. e4 cxd4 8. e5 Nd5 9. Qxd4 Nc6 10. Qg4 b5 11. Bd3 Qc7 12. Re1 Ncb4 13. Be4 Nc2 14. Bxc2 Qxc2 15. Nbd2 Bb7 16. Ne4 Nb4 17. Nd6+ Bxd6 18. exd6 Nd3 19. Rxe6+ Kf8 20. Qh4 fxe6 21. Qe7+ Kg8 22. Qxe6+ Kf8 23. Bg5 Qxf2+ 24. Kh1 Re8 25.
Be7+ Rxe7 26. Qxe7+ Kg8 27. Qe8# 1-0

[Event "Late-Titled-Tuesday-Blitz-January-30-2024"]
[Site "Chess.com"]
[Date "2024.01.30"]
[Round "6"]
[White "HansOnTwitch"]
[Black "Zhigalko_Sergei"]
[Result "1-0"]
[WhiteElo "3210"]
[BlackElo "2941"]
[TimeControl "180+1"]
[EndTime "15:06:15 PST"]
[Termination "HansOnTwitch won on time"]

1. c4 e5 2. g3 Nf6 3. Bg2 c6 4.
d4 exd4 5. Qxd4 Na6 6. Nf3 Bc5 7. Qe5+ Be7 8. O-O O-O 9. Rd1 Re8 10. Qc3 Nc5 11. Qc2 a5 12. Nc3 d6 13. h3 h6 14. b3 Bf8 15. Bb2 Qb6 16. Rab1 Qc7 17. Nd4 g6 18. e3 Bg7 19. a3 Ne6 20. Nce2 Nxd4 21. Bxd4 Bf5 22. e4 Nxe4 23. Qb2 Bxd4 24. Nxd4 Bd7 25. b4 axb4 26. axb4 Qb6 27. Re1 Ng5 28. h4 Ne6 29. Nf3 Ng7 30. Qd2 Nf5 31.
g4 Ng7 32. Qxh6 Rxe1+ 33. Rxe1 Qxb4 34. Re7 Bxg4 35. Ng5 Qb1+ 36. Bf1 Qf5 37. Qh7+ Kf8 38. Rxb7 1-0

[Event "Late-Titled-Tuesday-Blitz-January-30-2024"]
[Site "Chess.com"]
[Date "2024.01.30"]
[Round "6"]
[White "Rikikits"]
[Black "jefferyx"]
[Result "0-1"]
[WhiteElo "2836"]
[BlackElo "3019"]
[TimeControl "180+1"]
[EndTime "15:06:16 PST"]
[Termination "jefferyx won on time"]

1. d4 Nf6 2. Nf3 d5 3. c3 c5 4.
dxc5 e6 5. b4 a5 6. e3 axb4 7.
cxb4 b6 8. Bb5+ Bd7 9. Bxd7+ Nbxd7 10. c6 Bxb4+ 11. Bd2 Bxd2+ 12. Nbxd2 Nc5 13. O-O Qc7 14. Nd4 e5 15. Nf5 g6 16. Nh6 Qxc6 17. f4 e4 18. Nb3 Ncd7 19. Rc1 Qd6 20. Nd4 Kf8 21. Rc6 Qa3 22. Qe1 Kg7 23. Qg3 Rhc8 24. Rxc8 Rxc8 25. f5 Kxh6 26. fxg6 hxg6 0-1

[Event "Late-Titled-Tuesday-Blitz-January-30-2024"]
[Site "Chess.com"]
[Date "2024.01.30"]
[Round "6"]
[White "ukchessbomber"]
[Black "Durarbayli"]
[Result "0-1"]
[WhiteElo "2614"]
[BlackElo "2901"]
[TimeControl "180+1"]
[EndTime "15:06:19 PST"]
[Termination "Durarbayli won on time"]

1. g3 c5 2. Bg2 g6 3. c4 Bg7 4. Nc3 Nc6 5. d3 e6 6. Be3 Nd4 7. Qd2 Ne7 8. Nf3 O-O 9. g4 d5 10. Bh6 Nc2+ 11. Qxc2 Bxh6 12. h4 Nc6 13. g5 Bg7 14. h5 Nd4 15. Qd2 dxc4 16. dxc4 Qe7 17. O-O-O Rd8 18. Qf4 e5 19. Qh4 e4 20. Nxd4 cxd4 21.
Nxe4 Bf5 22. Bf3 Rac8 23. c5 Rxc5+ 24. Nxc5 Qxc5+ 25. Kd2 Qb4+ 26. Kc1 Rc8+ 0-1

[Event "Late-Titled-Tuesday-Blitz-January-30-2024"]
[Site "Chess.com"]
[Date "2024.01.30"]
[Round "6"]
[White "mightysmasher"]
[Black "Eloist"]
[Result "1-0"]
[WhiteElo "2555"]
[BlackElo "2424"]
[TimeControl "180+1"]
[EndTime "15:06:19 PST"]
[Termination "mightysmasher won by resignation"]

1. e4 e6 2. d4 d5 3. exd5 exd5 4. Nf3 Bf5 5. Bd3 Bxd3 6. Qxd3 Nc6 7. O-O Bd6 8. c3 Nge7 9. b4 O-O 10. a4 Qd7 11. Re1 Qf5 12. Qxf5 Nxf5 13. Bb2 Rfe8 14. Nbd2 h5 15.
Nb3 f6 16. b5 Nce7 17. a5 a6 18. b6 Nc6 19. g3 Kf7 20. Kg2 g5 21. Nfd2 Rxe1 22. Rxe1 Re8 23. Rxe8 Kxe8 24. c4 Bb4 25. bxc7 Kd7 26. cxd5 Nxa5 27. Nxa5 Bxa5 28. Ne4 Kxc7 29. Nxf6 h4 30. Ne4 hxg3 31. hxg3 Bb6 32. Nxg5 Bxd4 33. Ba3 Kd7 34. Ne6 Be5 35. g4 Ne7 36. Nc5+ Kc8 37. Nd3 Bf6 38. d6 Nd5 39. f4 Kd7 40.
Kf3 b5 41. Ke4 Nc3+ 42. Kf5 Bd4 43. Ne5+ Kd8 44. Nc6+ Kd7 45. Nxd4 1-0

[Event "Late-Titled-Tuesday-Blitz-January-30-2024"]
[Site "Chess.com"]
[Date "2024.01.30"]
[Round "6"]
[White "venturov"]
[Black "kai_nov"]
[Result "0-1"]
[WhiteElo "2437"]
[BlackElo "2301"]
[TimeControl "180+1"]
[EndTime "15:06:21 PST"]
[Termination "kai_nov won by resignation"]

1. Nf3 d5 2. g3 c5 3. Bg2 Nc6 4.
O-O e5 5. d3 f6 6. Nbd2 Nh6 7. e4 d4 8. a4 Nf7 9. Nc4 Bg4 10. Bd2 Qd7 11. Qe1 g5 12. Qc1 Be7 13. Ne1 O-O-O 14. f4 gxf4 15. gxf4 Rhg8 16. fxe5 Nfxe5 17. Nxe5 fxe5 18. Kh1 Bh3 19. Rf2 Bh4 20. Re2 Qg4 21.
Bxh3 Qxh3 22. Ng2 Rdf8 23. Qg1 Qf3 24. Rae1 Bxe1 25. Rxe1 Rg6 26. b3 Rfg8 27. Rf1 Rxg2 0-1

[Event "Late-Titled-Tuesday-Blitz-January-30-2024"]
[Site "Chess.com"]
[Date "2024.01.30"]
[Round "6"]
[White "Brahianzevich"]
[Black "ozates"]
[Result "1-0"]
[WhiteElo "2426"]
[BlackElo "2623"]
[TimeControl "180+1"]
[EndTime "15:06:22 PST"]
[Termination "Brahianzevich won by resignation"]

1. e4 c5 2. Nf3 Nc6 3. d4 cxd4 4. Nxd4 Qb6 5. Nb3 Nf6 6. Nc3 e6 7. Bd3 a6 8. O-O Be7 9. Be3 Qc7 10. a4 O-O 11. a5 d6 12. f4 Nb4 13. Na4 Nxd3 14.
Qxd3 Bd7 15. Nb6 Rad8 16. Rfe1 Bb5 17. c4 Bc6 18. Nd2 d5 19. cxd5 exd5 20. e5 Ne4 21.
Nxe4 dxe4 22. Qb3 Rd3 23. Qc4 Qd8 24. f5 Bg5 25. Bc5 Re8 26. e6 fxe6 27. fxe6 Qf6 28. Rf1 Bf4 29. Rxf4 Qxf4 30. Rf1 Rf3 31. e7+ Kh8 32.
Rxf3 1-0

[Event "Late-Titled-Tuesday-Blitz-January-30-2024"]
[Site "Chess.com"]
[Date "2024.01.30"]
[Round "6"]
[White "ChessBrainiacOnTwitch"]
[Black "a-z30"]
[Result "1-0"]
[WhiteElo "2790"]
[BlackElo "2520"]
[TimeControl "180+1"]
[EndTime "15:06:22 PST"]
[Termination "ChessBrainiacOnTwitch won on time"]

1. e4 d6 2. d4 Nf6 3. Nc3 g6 4. f4 Bg7 5. Nf3 O-O 6. Bd3 Nc6 7. e5 dxe5 8. dxe5 Ng4 9. Qe2 Nd4 10. Nxd4 Qxd4 11.
Bd2 Nh6 12. h3 Bf5 13. Bxf5 Nxf5 14. Qf3 Rfd8 15. O-O-O Qc4 16. g4 Nd4 17. Qe4 b5 18. a3 c5 19. b3 Nxb3+ 20. cxb3 Qxb3 21. Nb1 Rd4 22. Qc2 Rc4 23. Bc3 Qxc2+ 24. Kxc2 f6 25. Rhe1 Rxf4 26. exf6 Bxf6 27. Bxf6 Rxf6 28. Rd7 1-0

[Event "Late-Titled-Tuesday-Blitz-January-30-2024"]
[Site "Chess.com"]
[Date "2024.01.30"]
[Round "6"]
[White "Iana_Shirova"]
[Black "jinbojinbo"]
[Result "0-1"]
[WhiteElo "2344"]
[BlackElo "2627"]
[TimeControl "180+1"]
[EndTime "15:06:35 PST"]
[Termination "jinbojinbo won by checkmate"]

1. e4 Nf6 2. e5 Nd5 3. c4 Nb6 4. d4 d6 5. f4 dxe5 6. fxe5 c5 7. d5 e6 8. Nc3 exd5 9. cxd5 Bf5 10. Nf3 N8d7 11. Bd3 Bxd3 12. Qxd3 c4 13. Qf5 Bb4 14. O-O O-O 15. Ng5 g6 16. Qh3 h5 17. e6 Ne5 18.
Bf4 Bxc3 19. bxc3 Qxd5 20. Bxe5 Qxe5 21. exf7+ Kh8 22. Rae1 Qxg5 23. Kh1 Rad8 24. Qf3 Nd5 25. Rd1 Kg7 26. g3 Rd7 27. h4 Qd8 28. Qe4 Nf6 29. Qe2 Rxd1 30. Rxd1 Qc7 31. Kg2 Rxf7 32. Rd4 Qc6+ 33. Kh2 Ng4+ 34. Kg1 b5 35. a4 a6 36.
axb5 axb5 37. Rf4 Qc5+ 38. Kg2 Rxf4 39. gxf4 Qe3 40. Qd1 Qf2+ 41. Kh3 Qh2# 0-1

[Event "Late-Titled-Tuesday-Blitz-January-30-2024"]
[Site "Chess.com"]
[Date "2024.01.30"]
[Round "6"]
[White "GMKrikor"]
[Black "Fh2411"]
[Result "1-0"]
[WhiteElo "2805"]
[BlackElo "2581"]
[TimeControl "180+1"]
[EndTime "15:06:36 PST"]
[Termination "GMKrikor won by resignation"]

1. Nf3 d5 2. c4 c6 3. d4 Nf6 4.
Nc3 dxc4 5. a4 Bf5 6. Nh4 e6 7. Nxf5 exf5 8. e3 Bb4 9. Bxc4 O-O 10. O-O a5 11. Qc2 g6 12. f3 Nbd7 13. Ba2 Nb6 14.
Kh1 Qd6 15. e4 Qxd4 16. exf5 Nfd5 17. Bh6 Rfd8 18. Ne4 Bf8 19. Bg5 Be7 20. fxg6 hxg6 21. Rad1 Qe5 22. f4 Qc7 23. f5 Bxg5 24. Nxg5 Rd6 25.
fxg6 fxg6 26. Rde1 Qg7 27. Qf2 Rd7 28. Qxb6 1-0

[Event "Late-Titled-Tuesday-Blitz-January-30-2024"]
[Site "Chess.com"]
[Date "2024.01.30"]
[Round "6"]
[White "elchacal664"]
[Black "ahkashefi2800"]
[Result "1-0"]
[WhiteElo "2428"]
[BlackElo "2565"]
[TimeControl "180+1"]
[EndTime "15:06:36 PST"]
[Termination "elchacal664 won on time"]

1. e4 c6 2. d4 d5 3. Nc3 dxe4 4. Nxe4 Nd7 5. Ng5 Ngf6 6. Bd3 e6 7. N1f3 Bd6 8. Qe2 h6 9. Ne4 Nxe4 10. Qxe4 Qc7 11. Nd2 Nf6 12. Qe2 O-O 13. Ne4 Nd7 14. Nxd6 Qxd6 15. c3 Re8 16. O-O Nf8 17. Re1 c5 18.
dxc5 Qxc5 19. Be3 Qc7 20. Bd4 Bd7 21. Be5 Qd8 22. Rad1 Qh4 23. Bg3 Qf6 24. Be4 Bc6 25. Bxc6 bxc6 26. Qa6 c5 27. Qc4 Rac8 28. Qa4 Ng6 29.
Qxa7 Ra8 30. Qxc5 Rxa2 31. b4 Rea8 32. h3 Rc2 33. Rc1 Rb2 34. b5 Raa2 35. b6 h5 36. b7 e5 37. h4 Kh7 38. Rb1 Rc2 39.
b8=Q Qf5 40. Qe3 Re2 41. Rxe2 Rxe2 42. Qxe2 1-0

[Event "Late-Titled-Tuesday-Blitz-January-30-2024"]
[Site "Chess.com"]
[Date "2024.01.30"]
[Round "6"]
[White "Orest_Vovk"]
[Black "GothamChess"]
[Result "0-1"]
[WhiteElo "2501"]
[BlackElo "2739"]
[TimeControl "180+1"]
[EndTime "15:06:38 PST"]
[Termination "GothamChess won on time"]

1. h4 d5 2. h5 e5 3. h6 Nxh6 4. d4 Nc6 5. Bxh6 gxh6 6. dxe5 Nxe5 7. Nf3 Bg7 8. Nxe5 Bxe5 9. Nc3 c6 10. Rxh6 Qb6 11. Qc1 Bf5 12. Rh5 Bxc3+ 13. bxc3 Be6 14. Rb1 Qc5 15. Rxb7 Qxc3+ 16. Kd1 Rg8 17. Qb2 Qxb2 18.
Rxb2 Rg7 19. g3 Kd7 20. Bh3 Kd6 21. Bxe6 fxe6 22. e3 a5 23. Ke2 a4 24. a3 Raa7 25. Rb4 Rgb7 26. Rhh4 Rxb4 27. Rxb4 c5 28. Rb6+ Ke5 29.
f4+ Kf6 30. Kf3 h5 31. e4 dxe4+ 32. Kxe4 Rg7 33. f5 Rg4+ 34. Kf3 Kxf5 35. Rc6 Rc4 36. Ra6 Rc3+ 37. Kg2 Rxc2+ 38. Kh3 Rc4 39. Ra5 e5 40. Ra8 e4 41. Rf8+ Ke5 42. Kg2 Rc2+ 43. Kf1 c4 44. Ra8 c3 45. Rxa4 e3 46. Ke1 Ra2 47. Ra5+ Ke4 48.
Rxh5 c2 49. Rc5 Ra1+ 50. Ke2 c1=N+ 51. Kd1 Nd3+ 52. Kc2 Rc1+ 0-1